 Dungeon Crawl Stone Soup version 0.17-a0-702-gb3a3556 (webtiles) character file.

10073 Raurakos the Slicer (level 11, -1/82 HPs)
             Began as a Vine Stalker Assassin on Apr 19, 2015.
             Was a Follower of Lugonu.
             Slain by a five-headed hydra (9 damage)
             ... on level 3 of the Lair of Beasts.
             The game lasted 01:21:02 (12116 turns).

Raurakos the Slicer (Vine Stalker Assassin)        Turns: 12116, Time: 01:21:02

Health: -1/82      AC: 27    Str: 20    XL:     11   Next: 56%
Magic:  0/12       EV:  2    Int: 11    God:    Lugonu [*.....]
Gold:   930        SH:  0    Dex: 18    Spells: 1 memorised, 9 levels left

rFire  . . .     SeeInvis .     a - +2 dagger
rCold  . . .     Clarity  .     (armour currently unavailable)
rNeg   + + +     SustAb   .     (no shield)
rPois  +         Gourm    .     (helmet currently unavailable)
rElec  .         Spirit   +     (cloak currently unavailable)
rCorr  .         Warding  .     (gloves currently unavailable)
rMut   .         NoTele   +     (boots currently unavailable)
MR     +....                    z - amulet of faith
Stlth  +++++++...               k - +2 ring of protection
                                l - +5 ring of strength (curse)

@: tree-form, somewhat resistant to hostile enchantments, extremely stealthy
A: (fangs 0), regeneration 2, (shaggy fur 0), magic shield, (antimagic bite), no
device heal 3, rot immunity
a: Depart the Abyss, Renounce Religion


You were on level 3 of the Lair of Beasts.
You worshipped Lugonu.
Lugonu was aware of your devotion.
You were not hungry.
You were a tree.
You visited 3 branches of the dungeon, and saw 13 of its levels.
You visited the Abyss 1 time.
You also visited: Ossuary and Bailey.

You collected 988 gold pieces.
You spent 58 gold pieces at shops.

Inventory:

Hand weapons
 a - a +2 dagger (weapon)
 b - a +0 blowgun
 o - a cursed +0 dagger of draining
 F - the cursed +6 glaive of the Briny Deep {elec, rN++ MR- Str+4 Stlth+, unknown}
   (You found it on level 6 of the Dungeon)

   Occasionally, upon striking a foe, it will discharge some electrical energy
   and cause terrible harm.
   It affects your strength (+4).
   It greatly protects you from negative energy.
   It affects your resistance to hostile enchantments.
   It makes you more stealthy.
   It has a curse placed upon it.
Missiles
 e - 49 poisoned needles
 p - 5 curare-tipped needles
 y - 5 needles of slowing
 D - 100 stones (quivered)
Armour
 d - a cursed +0 cloak (melded)
 h - a cursed +0 leather armour (melded)
 i - a cursed +0 pair of boots (melded)
 j - a +2 pair of boots
 x - a +2 hat (melded)
Jewellery
 k - a +2 ring of protection (right branch)
 l - a cursed +5 ring of strength (left branch)
 w - an uncursed ring of flight
 z - an amulet of faith (around neck)
Magical devices
 f - a wand of frost (27)
 q - a wand of magic darts (22)
 v - a wand of paralysis (15)
 J - a wand of disintegration (8)
 P - a wand of teleportation (0)
 Q - a wand of magic darts (6)
 T - a wand of lightning (6)
Scrolls
 c - a scroll of fog {unknown}
 s - a scroll of summoning {unknown}
 t - a scroll of acquirement {unknown}
 A - a scroll of amnesia
 B - a scroll of blinking {unknown}
 E - 2 scrolls of remove curse
 G - a scroll of enchant armour {unknown}
 H - 2 scrolls of recharging {unknown}
 M - a scroll of enchant weapon {unknown}
 R - a scroll of brand weapon {unknown}
 S - 2 scrolls of magic mapping {unknown}
 U - a scroll of fear {unknown}
Potions
 m - 2 potions of agility
 n - 7 potions of curing
 r - a potion of cancellation
 u - 2 potions of brilliance
 C - a potion of flight
 I - 2 potions of magic
 K - 2 potions of might
 L - 2 potions of lignification
 N - 2 potions of berserk rage
Comestibles
 g - 8 bread rations
 O - 3 fruits
 V - a slice of pizza


   Skills:
 - Level 5.1 Fighting
 - Level 10.0 Short Blades
 - Level 2.0 Throwing
 + Level 9.7 Dodging
 - Level 10.0 Stealth


You had 9 spell levels left.
You knew the following spells:

 Your Spells              Type           Power        Failure   Level  Hunger
a - Apportation           Tloc           #.........   34%         1    ##.....


Dungeon Overview and Level Annotations

Branches:
Dungeon (9/15)             Temple (1/1) D:4            Lair (3/8) D:9
  Swamp: Lair:3-6    Shoals: Lair:3-6     Snake: Lair:3-6    Spider: Lair:3-6
    Orc: D:9-12

Altars:
Ashenzari
Cheibriados
Dithmenos
Elyvilon
Fedhas
Gozag
Kikubaaqudgha
Makhleb
Nemelex Xobeh
Okawaru
Qazlal
Ru
Sif Muna
Trog
Vehumet
Xom
Yredelemnul
Zin
The Shining One

Shops:
D:5 (   D:7 :

Annotations:
D:8 exclusion: oklob sapling
D:9 Psyche


Innate Abilities, Weirdness & Mutations

((You have razor-sharp teeth.))
You heal very quickly.
((You are covered in fur (AC +1).))
When hurt, damage is shared between your health and your magic reserves.
((Your bite disrupts and absorbs the magic of your enemies.))
Potions and wands cannot restore your health.
You are immune to rotting.


Message History

The five-headed hydra bites you.
* * * LOW HITPOINT WARNING * * *
You hit the five-headed hydra.
You bite the five-headed hydra, but do no damage.
The five-headed hydra is heavily wounded.
You hit the five-headed hydra. Your bite misses the five-headed hydra.
The five-headed hydra is heavily wounded.
The five-headed hydra bites you but does no damage. x5
You hit the five-headed hydra. You bite the five-headed hydra.
The five-headed hydra is heavily wounded.
You hit the five-headed hydra.
You bite the five-headed hydra, but do no damage.
The five-headed hydra is heavily wounded.
The five-headed hydra bites you!
* * * LOW HITPOINT WARNING * * *
The five-headed hydra bites you but does no damage.
The five-headed hydra barely misses you.
The five-headed hydra bites you but does no damage.
The five-headed hydra bites you!
You die...

.P## ####### ..#P###
#.....## ##....#.##.....$#
###........D....<#### ##
#.......#.#.♣....#..##
.####.......##.P....$....#
...........................
.###........#...##.P..P###
.# ##.......######.##### ##
#.#....## #P.#
.######P.#.#### ##.# ..#P#
#.....#.# #.##### #
....####..#..# #....P# >##


You could see a five-headed hydra.

Vanquished Creatures
  The ghost of barthelme the Nimble, an experienced TrBe of Trog (D:8)
  Pikel (D:4)
  A spiny frog (Lair:1)
  A smoke demon (Abyss:1)
  A komodo dragon (Lair:1)
  3 wandering mushrooms (D:8)
  Grinder (D:4)
  3 blink frogs (Lair:1)
  A wyvern (D:9)
  Sigmund (D:4)
  A shadow (Lair:2)
  11 yaks
  A hippogriff (Lair:1)
  A large abomination (Abyss:1)
  A mottled dragon (D:7)
  2 porcupines (Lair:2)
  4 water moccasins
  2 ice beasts
  4 slaves
  2 phantoms (D:7)
  5 ogres
  3 centaurs
  6 giant frogs
  Blork the orc (D:4)
  10 crocodiles
  A water moccasin zombie (D:9)
  A scorpion (D:4)
  2 killer bees (D:9)
  2 small abominations (Abyss:1)
  An oklob sapling (D:8)
  3 crimson imps
  A quasit (D:7)
  4 hounds
  A jelly (D:8)
  2 orc priests
  A giant frog skeleton (D:7)
  4 orc wizards
  6 worker ants
  Natasha (D:3)
  9 iguanas
  A killer bee zombie (D:6)
  4 sheep (Lair:3)
  A big kobold zombie (Ossuary)
  8 mummies (Ossuary)
  15 river rats
  2 adders
  3 oozes
  2 adder skeletons
  2 worms (D:7)
  19 orcs
  3 ball pythons
  17 bats
  7 giant cockroaches
  12 goblins
  9 hobgoblins
  10 jackals
  14 kobolds
  2 quokkas
  2 giant geckos
  7 giant newts
  2 giant spores (D:8)
  A gnoll zombie (Ossuary)
  2 hobgoblin zombies (Ossuary)
  A jackal skeleton (D:5)
  2 kobold zombies (Ossuary)
  2 orc zombies (Ossuary)
  A quokka skeleton (D:8)
  13 rats
  9 ballistomycetes (D:8)
  3 butterflies (Bailey)
  4 fungi (D:9)
287 creatures vanquished.

Vanquished Creatures (others)
  A wandering mushroom (D:8)
  A giant spore (D:8)
  A fungus (Lair:2)
  2 starspawn tentacles (Abyss:1)
  22 starspawn tentacle segments (Abyss:1)
27 creatures vanquished.

Grand Total: 314 creatures vanquished

Notes
Turn   | Place    | Note
--------------------------------------------------------------
     0 | D:1      | Raurakos, the Vine Stalker Assassin, began the quest for the Orb.
     0 | D:1      | Reached XP level 1. HP: 11/11 MP: 2/2
    77 | D:1      | Reached XP level 2. HP: 15/15 MP: 3/3
   546 | D:2      | Reached XP level 3. HP: 15/18 MP: 2/4
   603 | D:2      | Found an iron altar of Okawaru.
  1409 | D:3      | Reached XP level 4. HP: 16/23 MP: 5/5
  1610 | D:3      | Noticed Natasha
  1626 | D:3      | Killed Natasha
  1829 | D:3      | Found an ancient bone altar of Kikubaaqudgha.
  1870 | D:3      | Reached XP level 5. HP: 26/26 MP: 6/6
  2116 | D:4      | Found a staircase to the Ecumenical Temple.
  2116 | D:4      | Noticed Grinder
  2124 | D:4      | Paralysed by Grinder for 2 turns
  2126 | D:4      | Killed Grinder
  2126 | D:4      | Reached skill level 5 in Short Blades
  2126 | D:4      | Gained mutation: You heal very quickly. [Vine Stalker growth]
  2126 | D:4      | Reached XP level 6. HP: 21/32 MP: 3/7
  2132 | Temple   | Entered the Ecumenical Temple
  2182 | Temple   | Became a worshipper of Dithmenos the Shadowed
  2203 | D:4      | Noticed a water elemental
  2211 | D:4      | Noticed an ogre
  2224 | D:4      | Killed an ogre
  2224 | D:4      | Reached XP level 7. HP: 36/38 MP: 8/8
  2327 | D:4      | Found a stormy altar of Qazlal.
  2328 | D:4      | Noticed Blork the orc
  2340 | D:4      | Killed Blork the orc
  2340 | D:4      | Reached skill level 5 in Stealth
  2352 | D:4      | Noticed an air elemental
  2367 | D:4      | Noticed Sigmund
  2388 | D:4      | Killed Sigmund
  2388 | D:4      | Reached skill level 5 in Fighting
  2441 | D:4      | Reached skill level 6 in Stealth
  2674 | D:4      | Noticed Pikel
  2674 | D:4      | Noticed a slave
  2674 | D:4      | Noticed a slave
  2674 | D:4      | Noticed a slave
  2691 | D:4      | Found a radiant altar of Vehumet.
  2749 | D:4      | Noticed a fire elemental
  2771 | D:4      | Reached skill level 7 in Stealth
  2893 | D:4      | Killed a slave
  2938 | D:4      | Killed a slave
  2955 | D:3      | Killed a slave
  3082 | D:4      | Noticed a slave
  3099 | D:4      | Killed a slave
  3249 | D:5      | Entered Level 5 of the Dungeon
  3326 | D:5      | Found Lonoefum's Antique Weapon Shoppe.
  3337 | D:5      | Gained mutation: You have razor-sharp teeth. [Vine Stalker growth]
  3337 | D:5      | Reached XP level 8. HP: 43/43 MP: 9/9
  3361 | D:5      | Bought a runed dagger for 58 gold pieces
  3550 | D:5      | Reached skill level 1 in Dodging
  3744 | D:4      | Killed Pikel
  3744 | D:4      | Reached skill level 8 in Stealth
  3887 | D:5      | Reached skill level 9 in Stealth
  4267 | D:6      | Found a shimmering altar of Xom.
  4341 | D:6      | Got a shimmering glaive
  4589 | D:6      | Reached XP level 9. HP: 44/47 MP: 10/10
  4679 | D:6      | Reached skill level 5 in Dodging
  4751 | D:6      | Found an opulent altar of Gozag.
  4990 | D:7      | Found Doxkofau's Book Shop.
  5008 | D:7      | Found a sand-covered staircase.
  5040 | Ossuary  | Entered an ossuary
  5134 | Ossuary  | Upgraded the game from 0.17-a0-701-gb6462b4 to 0.17-a0-702-gb3a3556
  5170 | Ossuary  | Acquired Dithmenos's first power
  6237 | D:7      | Noticed a moth of wrath
  6239 | D:7      | Found a bloodstained altar of Trog.
  6358 | D:8      | Found a sparkling altar of Nemelex Xobeh.
  6602 | D:8      | Found a flagged portal.
  6613 | Bailey   | Entered a bailey
  6620 | Bailey   | Noticed Somebody's ghost (experienced DgIE)
  6754 | D:8      | Noticed barthelme's ghost (experienced TrBe)
  6805 | D:8      | Noticed a wandering mushroom
  6806 | D:8      | Killed a wandering mushroom
  6809 | D:8      | Found a blossoming altar of Fedhas.
  6809 | D:8      | Noticed a wandering mushroom
  6811 | D:8      | Noticed a wandering mushroom
  7102 | D:8      | Killed barthelme's ghost
  7102 | D:8      | Acquired Dithmenos's second power
  7102 | D:8      | Reached XP level 10. HP: 41/51 MP: 9/11
  7263 | D:8      | Noticed a wandering mushroom
  7295 | D:8      | Killed a wandering mushroom
  7332 | D:8      | Killed a wandering mushroom
  7391 | D:8      | Killed a wandering mushroom
  7792 | D:9      | Found a staircase to the Lair.
  7850 | D:9      | Reached skill level 10 in Short Blades
  8184 | D:9      | Noticed Psyche
  8590 | D:9      | Found a basalt altar of Yredelemnul.
  8728 | Lair:1   | Entered Level 1 of the Lair of Beasts
  8739 | Lair:1   | Learned a level 1 spell: Apportation
  9197 | Lair:1   | Reached XP level 11. HP: 19/55 MP: 12/12
 10367 | Lair:2   | Noticed a four-headed hydra
 10487 | Lair:2   | Cast into the Abyss (a distortion unwield)
 10526 | Abyss:1  | Noticed a lich
 10550 | Abyss:1  | Noticed a black draconian shifter
 10613 | Abyss:1  | Noticed a large abomination
 10636 | Abyss:1  | Noticed a tentacled starspawn
 10664 | Abyss:1  | Noticed a wizard
 10678 | Abyss:1  | Noticed a blizzard demon
 10772 | Abyss:1  | Noticed a starcursed mass
 10937 | Abyss:1  | Noticed a tentacled starspawn
 10938 | Abyss:1  | Noticed a starcursed mass
 10995 | Abyss:1  | Noticed a thrashing horror
 11000 | Abyss:1  | Noticed a sun demon
 11178 | Abyss:1  | Noticed a starcursed mass
 11198 | Abyss:1  | Noticed a wretched star
 11228 | Abyss:1  | Noticed a wretched star
 11235 | Abyss:1  | Found a corrupted altar of Lugonu.
 11242 | Abyss:1  | Fell from the grace of Dithmenos
 11242 | Abyss:1  | Became a worshipper of Lugonu the Unformed
 11242 | Abyss:1  | Acquired Lugonu's first power
 11243 | Lair:2   | Escaped the Abyss
 11375 | Lair:2   | Noticed a shadow demon
 11575 | Lair:1   | Reached skill level 10 in Stealth
 12094 | Lair:3   | Noticed a five-headed hydra
 12116 | Lair:3   | Slain by a five-headed hydra

Action                   |  1- 3 |  4- 6 |  7- 9 | 10-12 || total
-------------------------+-------+-------+-------+-------++-------
Melee: Dagger            |   111 |    35 |   474 |   581 ||  1201
 Fire: Blowgun           |       |    16 |    44 |    17 ||    77
Throw: Stone             |       |       |    53 |    21 ||    74
Invok: Shadow Step       |       |       |       |     4 ||     4
       Depart the Abyss  |       |       |       |     1 ||     1
Evoke: Wand              |       |       |       |     3 ||     3
  Use: Scroll            |       |     1 |    15 |     3 ||    19
       Potion            |       |       |     3 |     1 ||     4
 Stab: Sleeping          |     8 |     3 |    17 |    29 ||    57
       Distracted        |       |       |     2 |     5 ||     7
  Eat: Chunk             |     2 |     2 |    15 |    14 ||    33
       Beef jerky        |       |       |       |     1 ||     1
       Pizza             |       |       |       |     1 ||     1
